MapleLeafs vs Panthers

Created - September-14-13 at 10:57

Simulating a Pre-Season

Goals
1 2 3 T
MapleLeafs 1 0 1 2
Panthers 0 1 0 1
Shots
1 2 3 T
MapleLeafs 13 3 11 27
Panthers 2 11 11 24

1st period

1. MapleLeafs , Jay Beagle 1 (Chuck Kobasew, Jonathan Ericsson) at 15:30

Penalties :
Bryan Bickell (FLA) for Tripping (Minor) at 4:59, Jordan Staal (FLA) for Hooking (Minor) at 9:48, Derek Dorsett (TOR) for Holding (Minor) at 17:02

2nd period

2. Panthers , David Booth 1 (Tyson Strachan, Luca Sbisa) at 3:47

Penalties :
Brian Lashoff (TOR) for Goalie Interference (Minor) at 1:36, Derek Dorsett (TOR) for Goalie Interference (Minor) at 8:15, Derek Dorsett (TOR) for Roughing (Minor) at 12:00

3rd period

3. MapleLeafs , Drew Doughty 3 (Victor Hedman, Patrick Marleau) at 9:49 (PP)

Penalties :
Jordan Staal (FLA) for Roughing (Minor) at 0:35, Brian Lashoff (TOR) for Interference (Minor) at 3:52, Jordan Staal (FLA) for High sticking (Minor) at 8:10, Raffi Torres (TOR) for Roughing (Double Minor) at 11:22

Goalie Stats

Ryan Miller (TOR), 23 saves from 24 shots - (0.958), W, 3-2-1, 60:00 minutes
Ben Bishop (FLA), 25 saves from 27 shots - (0.926), L, 1-4-1, 60:00 minutes

Players Stats for MapleLeafs

Player Name              G  A  P  +/- PIM S  H  SB GA TA FO     MP     PP MP  PK MP  
------------------------------------------------------------------------------------
Adam Hall                0  0  0   1  0   0  2  0  0  0  8/13   15:44   0:00   2:33 
Adam Henrique            0  0  0  -1  0   6  0  0  0  0  13/22  21:00   2:35   5:06 
Brian Lashoff            0  0  0   0  4   0  2  0  0  0  0/0    14:24   1:00   0:39 
Chuck Kobasew            0  1  1   1  0   1  0  0  0  0  0/0    12:36   0:00   0:18 
Derek Dorsett            0  0  0   0  6   1  3  0  0  0  1/3    17:18   5:01   0:00 
Drew Doughty             1  0  1   0  0   1  3  1  0  0  0/0    25:17   4:21   7:03 
Greg Zanon               0  0  0   0  0   0  2  0  0  0  0/0    18:03   0:37   4:57 
Hal Gill                 0  0  0   0  0   0  0  0  0  0  0/0     0:02   0:00   0:00 
Jay Beagle               1  0  1   1  0   1  0  0  0  0  0/1    12:18   0:00   0:00 
Jonathan Ericsson        0  1  1   0  0   2  3  0  0  0  0/0    21:26   2:53   6:25 
Patrick Marleau          0  1  1   0  0   2  0  0  0  0  2/3    20:32   5:01   7:45 
Raffi Torres             0  0  0  -1  4   2  2  0  0  0  1/2    15:33   2:35   0:00 
Rostislav Klesla         0  0  0   0  0   1  0  2  0  0  0/0    16:10   2:15   1:47 
Ryan Carter              0  0  0   0  0   0  1  0  0  0  0/0    10:33   0:00   5:06 
Steve Sullivan           0  0  0  -1  0   3  0  0  0  0  1/2    15:34   2:35   0:00 
Vernon Fiddler           0  0  0   0  0   1  0  0  0  0  9/13   12:27   0:00   7:00 
Victor Hedman            0  1  1   0  0   2  0  0  0  0  0/0    24:36   4:06   6:57 
Vincent Lecavalier       0  0  0   0  0   4  1  0  0  0  9/17   12:27   5:01   0:00 

Players Stats for Panthers

Player Name              G  A  P  +/- PIM S  H  SB GA TA FO     MP     PP MP  PK MP  
------------------------------------------------------------------------------------
Brooks Laich             0  0  0  -1  0   2  0  0  0  0  6/14   13:30   0:00   2:40 
Bryan Bickell            0  0  0   0  2   3  6  0  0  0  0/0    14:22   6:29   0:00 
Damien Brunner           0  0  0   0  0   1  0  0  0  0  0/1    19:09   6:54   0:00 
David Booth              1  0  1   1  0   2  1  0  0  0  0/0     8:02   0:31   0:00 
Eric Fehr                0  0  0   0  0   3  2  0  0  0  4/12   20:15   7:25   4:56 
Jiri Hudler              0  0  0   0  0   3  1  0  0  0  6/13   23:48   5:43   4:45 
Jordan Staal             0  0  0   0  6   0  6  0  0  0  7/14   13:17   0:00   0:00 
Lubomir Visnovsky        0  0  0  -1  0   0  2  0  0  0  0/0    24:32   8:06   3:46 
Luca Sbisa               0  1  1   1  0   3  2  2  0  0  0/0    22:44   5:38   3:50 
Matt Irwin               0  0  0   0  0   1  1  0  0  0  0/0    11:45   0:50   0:00 
Matthew Lombardi         0  0  0   0  0   0  0  0  0  0  4/9     7:54   0:00   0:00 
Niklas Kronwall          0  0  0  -1  0   2  4  2  0  0  0/0    24:57   7:26   3:46 
Patrick Dwyer            0  0  0   1  0   2  0  0  0  0  0/0    10:33   1:27   2:40 
Rich Peverley            0  0  0  -1  0   1  0  0  0  0  4/9    17:19   6:29   0:00 
Scott Gomez              0  0  0   1  0   0  0  0  0  0  1/4     6:47   0:10   0:11 
Tom Gilbert              0  0  0   0  0   0  1  2  0  0  0/0    17:17   5:48   0:00 
Tyson Strachan           0  1  1   1  0   0  1  1  0  0  0/0    18:45   0:00   3:50 
Viktor Stalberg          0  0  0  -1  0   1  4  0  0  0  0/0    17:24   6:34   0:00 

3 Stars

1 - Ryan Miller (TOR)
2 - Drew Doughty (TOR)
3 - David Booth (FLA)

Power Play

MapleLeafs - 1 on 4 Attempt(s) - 25.00%
Panthers - 0 on 7 Attempt(s) - 0.00%

Penalty Kill

MapleLeafs - 7 on 7 Attempt(s) - 100.00% - Score 0 goal in Penalty Kill
Panthers - 3 on 4 Attempt(s) - 75.00% - Score 0 goal in Penalty Kill

Official

Referees : Dennis LaRue and Steve Kozari
Linesman : Mike Cvik and Michel Cormier

Game Notes

No Game Note

% Time on Ice - MapleLeafs

Lines # - Real PCT - Wanted PCT - Time Play
Normal Forward
1 - 19% - 29% - 7:26
2 - 34% - 25% - 12:59
3 - 14% - 23% - 5:27
4 - 32% - 23% - 12:18
Normal Defense
1 - 23% - 28% - 8:46
2 - 32% - 26% - 12:08
3 - 33% - 26% - 12:29
4 - 13% - 20% - 4:47
PP Forward
1 - 66% - 54% - 5:01
2 - 34% - 46% - 2:35
PP Defense
1 - 57% - 55% - 4:21
2 - 43% - 45% - 3:15
PK Forward
1 - 63% - 56% - 8:48
2 - 37% - 44% - 5:06
PK Defense
1 - 51% - 55% - 7:03
2 - 49% - 45% - 6:51
PK3 Forward
1 - 0% - 55%
2 - 0% - 45%
PK3 Defense
1 - 0% - 54%
2 - 0% - 46%
44 Forward
1 - 0% - 55%
2 - 0% - 45%
44 Defense
1 - 0% - 54%
2 - 0% - 46%
Last Minute Offensive  - 0:00
Last Minute Defensive  - 0:20
Total
Forward - 60:00
Defense - 60:00

% Time on Ice - Panthers

Lines # - Real PCT - Wanted PCT - Time Play
Normal Forward
1 - 35% - 40% - 13:20
2 - 28% - 30% - 10:50
3 - 21% - 20% - 7:54
4 - 17% - 10% - 6:26
Normal Defense
1 - 33% - 40% - 12:40
2 - 34% - 30% - 13:16
3 - 26% - 20% - 10:09
4 - 6% - 10% - 2:25
PP Forward
1 - 53% - 60% - 7:25
2 - 47% - 40% - 6:29
PP Defense
1 - 58% - 60% - 8:06
2 - 42% - 40% - 5:48
PK Forward
1 - 65% - 60% - 4:56
2 - 35% - 40% - 2:40
PK Defense
1 - 50% - 60% - 3:46
2 - 50% - 40% - 3:50
PK3 Forward
1 - 0% - 60%
2 - 0% - 40%
PK3 Defense
1 - 0% - 60%
2 - 0% - 40%
44 Forward
1 - 0% - 60%
2 - 0% - 40%
44 Defense
1 - 0% - 60%
2 - 0% - 40%
Last Minute Offensive  - 0:00
Last Minute Defensive  - 0:00
Total
Forward - 60:00
Defense - 60:00

Play by Play

1st period


0:01 of 1st period - Vincent Lecavalier wins face-off versus Jordan Staal in neutral zone.
0:18 of 1st period - Shot by Vincent Lecavalier.
0:18 of 1st period - Stopped by Ben Bishop without a rebound.
0:19 of 1st period - Adam Henrique wins face-off versus Brooks Laich in Panthers zone.
0:51 of 1st period - Shot by Adam Henrique.
0:51 of 1st period - Deflect By Raffi Torres.
0:51 of 1st period - Shot Misses the Net.
1:03 of 1st period - Rostislav Klesla is hit by Viktor Stalberg and loses puck.
1:28 of 1st period - Shot by Bryan Bickell.
1:28 of 1st period - Stopped by Ryan Miller with a rebound.
1:30 of 1st period - Shot by Matt Irwin.
1:30 of 1st period - Shot Misses the Net.
1:43 of 1st period - Icing by Rostislav Klesla.
1:44 of 1st period - Jordan Staal wins face-off versus Adam Henrique in MapleLeafs zone.
1:51 of 1st period - Shot by Jiri Hudler.
1:51 of 1st period - Stopped by Ryan Miller with a rebound.
1:59 of 1st period - Shot by Jordan Staal.
1:59 of 1st period - Shot Blocked by Rostislav Klesla.
2:20 of 1st period - Jiri Hudler is hit by Greg Zanon and loses puck.
2:39 of 1st period - Shot by Derek Dorsett.
2:39 of 1st period - Deflect By Vernon Fiddler.
2:39 of 1st period - Shot Misses the Net.
2:41 of 1st period - Shot by Brian Lashoff.
2:41 of 1st period - Shot Misses the Net.
4:09 of 1st period - Rich Peverley is hit by Adam Hall.
4:41 of 1st period - Drew Doughty is hit by Tyson Strachan and loses puck.
4:59 of 1st period - Minor Penalty to Bryan Bickell for Tripping.
5:00 of 1st period - Jiri Hudler wins face-off versus Derek Dorsett in Panthers zone.
5:11 of 1st period - Shot by Jonathan Ericsson.
5:11 of 1st period - Shot Misses the Net.
6:05 of 1st period - Shot by Adam Henrique.
6:05 of 1st period - Stopped by Ben Bishop without a rebound.
6:06 of 1st period - Brooks Laich wins face-off versus Adam Henrique in Panthers zone.
7:00 of 1st period - Icing by Eric Fehr.
7:01 of 1st period - Vernon Fiddler wins face-off versus Scott Gomez in Panthers zone.
7:01 of 1st period - Derek Dorsett is hit by Tom Gilbert and loses puck.
7:19 of 1st period - Ryan Carter is hit by Matt Irwin.
8:18 of 1st period - Niklas Kronwall is hit by Raffi Torres and loses puck.
8:36 of 1st period - Adam Henrique is hit by Niklas Kronwall and loses puck.
8:54 of 1st period - Ryan Carter is hit by Niklas Kronwall and loses puck.
8:58 of 1st period - Vernon Fiddler is hit by Lubomir Visnovsky and loses puck.
9:08 of 1st period - Ryan Carter is hit by Niklas Kronwall and loses puck.
9:48 of 1st period - Minor Penalty to Jordan Staal for Hooking.
9:49 of 1st period - Jiri Hudler wins face-off versus Adam Henrique in Panthers zone.
10:15 of 1st period - Icing by Adam Henrique.
10:16 of 1st period - Adam Henrique wins face-off versus Jiri Hudler in MapleLeafs zone.
10:21 of 1st period - Shot by Rostislav Klesla.
10:21 of 1st period - Shot Blocked by Tyson Strachan.
10:23 of 1st period - Shot by Raffi Torres.
10:23 of 1st period - Stopped by Ben Bishop with a rebound.
10:25 of 1st period - Shot by Jonathan Ericsson.
10:25 of 1st period - Stopped by Ben Bishop without a rebound.
10:26 of 1st period - Vincent Lecavalier wins face-off versus Jiri Hudler in Panthers zone.
10:37 of 1st period - Shot by Patrick Marleau.
10:37 of 1st period - Stopped by Ben Bishop without a rebound.
10:38 of 1st period - Vincent Lecavalier wins face-off versus Jiri Hudler in Panthers zone.
10:45 of 1st period - Lubomir Visnovsky is hit by Derek Dorsett and loses puck.
10:50 of 1st period - Shot by Victor Hedman.
10:50 of 1st period - Stopped by Ben Bishop without a rebound.
10:51 of 1st period - Raffi Torres wins face-off versus Brooks Laich in Panthers zone.
10:54 of 1st period - Shot by Raffi Torres.
10:54 of 1st period - Stopped by Ben Bishop without a rebound.
10:55 of 1st period - Jiri Hudler wins face-off versus Vincent Lecavalier in Panthers zone.
10:55 of 1st period - Jiri Hudler is hit by Derek Dorsett.
11:21 of 1st period - Icing by Victor Hedman.
11:22 of 1st period - Patrick Marleau wins face-off versus Brooks Laich in MapleLeafs zone.
11:38 of 1st period - Icing by Victor Hedman.
11:39 of 1st period - Jiri Hudler wins face-off versus Vincent Lecavalier in MapleLeafs zone.
11:39 of 1st period - Eric Fehr is hit by Drew Doughty and loses puck.
12:49 of 1st period - Off-side.
12:50 of 1st period - Matthew Lombardi wins face-off versus Vincent Lecavalier in neutral zone.
12:57 of 1st period - Patrick Marleau is hit by Bryan Bickell and loses puck.
13:17 of 1st period - Icing by Lubomir Visnovsky.
13:18 of 1st period - Adam Hall wins face-off versus Matthew Lombardi in Panthers zone.
13:53 of 1st period - Off-side.
13:54 of 1st period - Jordan Staal wins face-off versus Vincent Lecavalier in neutral zone.
14:29 of 1st period - Shot by Patrick Marleau.
14:29 of 1st period - Stopped by Ben Bishop with a rebound.
14:39 of 1st period - Shot by Vincent Lecavalier.
14:39 of 1st period - Stopped by Ben Bishop with a rebound.
15:07 of 1st period - Shot by Steve Sullivan.
15:07 of 1st period - Stopped by Ben Bishop without a rebound.
15:08 of 1st period - Adam Hall wins face-off versus Brooks Laich in Panthers zone.
15:30 of 1st period - Shot by Chuck Kobasew.
15:30 of 1st period - Deflect By Jay Beagle.
15:30 of 1st period - Goal by Jay Beagle - MapleLeafs : 1 - Panthers : 0.
15:31 of 1st period - Adam Henrique wins face-off versus Matthew Lombardi in neutral zone.
15:36 of 1st period - Shot by Steve Sullivan.
15:36 of 1st period - Stopped by Ben Bishop with a rebound.
15:44 of 1st period - Shot by Adam Henrique.
15:44 of 1st period - Stopped by Ben Bishop without a rebound.
15:45 of 1st period - Vincent Lecavalier wins face-off versus Rich Peverley in Panthers zone.
16:15 of 1st period - Brooks Laich is hit by Vincent Lecavalier and loses puck.
16:39 of 1st period - Icing by Victor Hedman.
16:40 of 1st period - Jordan Staal wins face-off versus Vincent Lecavalier in MapleLeafs zone.
16:40 of 1st period - Jiri Hudler is hit by Drew Doughty.
16:54 of 1st period - Patrick Marleau is hit by Jordan Staal and loses puck.
17:02 of 1st period - Minor Penalty to Derek Dorsett for Holding.
17:03 of 1st period - Eric Fehr wins face-off versus Adam Henrique in MapleLeafs zone.
17:03 of 1st period - Luca Sbisa is hit by Greg Zanon and loses puck.
17:25 of 1st period - Vernon Fiddler is hit by Luca Sbisa and loses puck.
17:30 of 1st period - Shot by Jonathan Ericsson.
17:30 of 1st period - Shot Blocked by Luca Sbisa.
17:32 of 1st period - Shot by Adam Hall.
17:32 of 1st period - Shot Blocked by Tom Gilbert.
18:25 of 1st period - Rich Peverley is hit by Drew Doughty and loses puck.
19:59 of 1st period - Shot by Damien Brunner.
19:59 of 1st period - Shot Blocked by Rostislav Klesla.

2nd period


0:01 of 2nd period - Vernon Fiddler wins face-off versus Jordan Staal in neutral zone.
0:27 of 2nd period - Shot by Vernon Fiddler.
0:27 of 2nd period - Stopped by Ben Bishop without a rebound.
0:28 of 2nd period - Matthew Lombardi wins face-off versus Jay Beagle in Panthers zone.
0:56 of 2nd period - Luca Sbisa is hit by Adam Hall and loses puck.
1:21 of 2nd period - Icing by Adam Hall.
1:22 of 2nd period - Adam Hall wins face-off versus Jordan Staal in MapleLeafs zone.
1:36 of 2nd period - Minor Penalty to Brian Lashoff for Goalie Interference.
1:37 of 2nd period - Vernon Fiddler wins face-off versus Eric Fehr in MapleLeafs zone.
1:48 of 2nd period - Shot by Viktor Stalberg.
1:48 of 2nd period - Deflect By Eric Fehr.
1:48 of 2nd period - Shot Blocked by Drew Doughty.
1:50 of 2nd period - Shot by Damien Brunner.
1:50 of 2nd period - Shot Misses the Net.
1:52 of 2nd period - Shot by Eric Fehr.
1:52 of 2nd period - Stopped by Ryan Miller without a rebound.
1:53 of 2nd period - Vernon Fiddler wins face-off versus Rich Peverley in MapleLeafs zone.
2:09 of 2nd period - Icing by Bryan Bickell.
2:10 of 2nd period - Vernon Fiddler wins face-off versus Rich Peverley in Panthers zone.
3:23 of 2nd period - Shot by Luca Sbisa.
3:23 of 2nd period - Stopped by Ryan Miller without a rebound.
3:24 of 2nd period - Adam Henrique wins face-off versus Rich Peverley in MapleLeafs zone.
3:24 of 2nd period - Adam Henrique is hit by Bryan Bickell.
3:33 of 2nd period - Off-side.
3:34 of 2nd period - Adam Henrique wins face-off versus Eric Fehr in neutral zone.
3:47 of 2nd period - Shot by David Booth.
3:47 of 2nd period - Goal by David Booth - MapleLeafs : 1 - Panthers : 1.
3:48 of 2nd period - Jordan Staal wins face-off versus Adam Hall in neutral zone.
4:24 of 2nd period - Greg Zanon is hit by Jordan Staal and loses puck.
4:51 of 2nd period - Shot by Viktor Stalberg.
4:51 of 2nd period - Stopped by Ryan Miller without a rebound.
4:52 of 2nd period - Adam Henrique wins face-off versus Matthew Lombardi in MapleLeafs zone.
5:11 of 2nd period - Icing by Adam Henrique.
5:12 of 2nd period - Brooks Laich wins face-off versus Adam Henrique in MapleLeafs zone.
6:03 of 2nd period - Off-side.
6:04 of 2nd period - Adam Hall wins face-off versus Jordan Staal in neutral zone.
6:40 of 2nd period - Damien Brunner is hit by Brian Lashoff and loses puck.
7:22 of 2nd period - Shot by Bryan Bickell.
7:22 of 2nd period - Stopped by Ryan Miller without a rebound.
7:23 of 2nd period - Brooks Laich wins face-off versus Vincent Lecavalier in MapleLeafs zone.
7:28 of 2nd period - Shot by Brooks Laich.
7:28 of 2nd period - Stopped by Ryan Miller without a rebound.
7:29 of 2nd period - Derek Dorsett wins face-off versus Brooks Laich in MapleLeafs zone.
8:15 of 2nd period - Minor Penalty to Derek Dorsett for Goalie Interference.
8:16 of 2nd period - Eric Fehr wins face-off versus Vernon Fiddler in MapleLeafs zone.
9:27 of 2nd period - Rostislav Klesla is hit by Bryan Bickell and loses puck.
9:58 of 2nd period - Damien Brunner is hit by Jonathan Ericsson.
11:13 of 2nd period - Jordan Staal is hit by Brian Lashoff and loses puck.
12:00 of 2nd period - Minor Penalty to Derek Dorsett for Roughing.
12:01 of 2nd period - Vernon Fiddler wins face-off versus Eric Fehr in MapleLeafs zone.
12:10 of 2nd period - Shot by Luca Sbisa.
12:10 of 2nd period - Stopped by Ryan Miller with a rebound.
12:26 of 2nd period - Shot by Vernon Fiddler.
12:26 of 2nd period - Shot Blocked by Luca Sbisa.
13:34 of 2nd period - Shot by Eric Fehr.
13:34 of 2nd period - Stopped by Ryan Miller without a rebound.
13:35 of 2nd period - Eric Fehr wins face-off versus Adam Henrique in MapleLeafs zone.
14:09 of 2nd period - Icing by Rostislav Klesla.
14:10 of 2nd period - Adam Hall wins face-off versus Scott Gomez in MapleLeafs zone.
14:10 of 2nd period - Adam Hall is hit by David Booth.
15:05 of 2nd period - Shot by Derek Dorsett.
15:05 of 2nd period - Shot Blocked by Tom Gilbert.
15:10 of 2nd period - Icing by Rich Peverley.
15:11 of 2nd period - Adam Henrique wins face-off versus Brooks Laich in Panthers zone.
15:41 of 2nd period - Icing by Steve Sullivan.
15:42 of 2nd period - Adam Henrique wins face-off versus Jordan Staal in MapleLeafs zone.
15:42 of 2nd period - Victor Hedman is hit by Jordan Staal and loses puck.
16:29 of 2nd period - Shot by Vincent Lecavalier.
16:29 of 2nd period - Stopped by Ben Bishop without a rebound.
16:30 of 2nd period - Vincent Lecavalier wins face-off versus Matthew Lombardi in Panthers zone.
17:06 of 2nd period - Shot by Eric Fehr.
17:06 of 2nd period - Deflect By Bryan Bickell.
17:06 of 2nd period - Stopped by Ryan Miller with a rebound.
17:45 of 2nd period - Chuck Kobasew is hit by Luca Sbisa and loses puck.
18:45 of 2nd period - Icing by Drew Doughty.
18:46 of 2nd period - Adam Henrique wins face-off versus Damien Brunner in MapleLeafs zone.
19:11 of 2nd period - Shot by Jiri Hudler.
19:11 of 2nd period - Shot Hit the Post.
19:13 of 2nd period - Shot by Damien Brunner.
19:13 of 2nd period - Deflect By Jiri Hudler.
19:13 of 2nd period - Shot Misses the Net.
19:15 of 2nd period - Shot by Damien Brunner.
19:15 of 2nd period - Stopped by Ryan Miller without a rebound.
19:16 of 2nd period - Rich Peverley wins face-off versus Vernon Fiddler in MapleLeafs zone.
19:23 of 2nd period - Shot by Brooks Laich.
19:23 of 2nd period - Stopped by Ryan Miller without a rebound.
19:24 of 2nd period - Brooks Laich wins face-off versus Vincent Lecavalier in MapleLeafs zone.
19:46 of 2nd period - Shot by Derek Dorsett.
19:46 of 2nd period - Stopped by Ben Bishop without a rebound.
19:47 of 2nd period - Jordan Staal wins face-off versus Adam Hall in Panthers zone.
19:53 of 2nd period - Off-side.
19:54 of 2nd period - Adam Hall wins face-off versus Jordan Staal in neutral zone.

3rd period


0:01 of 3rd period - Vincent Lecavalier wins face-off versus Jordan Staal in neutral zone.
0:24 of 3rd period - Shot by Patrick Marleau.
0:24 of 3rd period - Shot Misses the Net.
0:34 of 3rd period - Patrick Marleau is hit by Jordan Staal.
0:35 of 3rd period - Minor Penalty to Jordan Staal for Roughing.
0:36 of 3rd period - Adam Henrique wins face-off versus Eric Fehr in Panthers zone.
0:39 of 3rd period - Shot by Rostislav Klesla.
0:39 of 3rd period - Stopped by Ben Bishop without a rebound.
0:40 of 3rd period - Adam Henrique wins face-off versus Jiri Hudler in Panthers zone.
0:47 of 3rd period - Shot by Adam Henrique.
0:47 of 3rd period - Stopped by Ben Bishop with a rebound.
0:49 of 3rd period - Shot by Adam Henrique.
0:49 of 3rd period - Shot Misses the Net.
0:51 of 3rd period - Shot by Adam Henrique.
0:51 of 3rd period - Shot Misses the Net.
0:53 of 3rd period - Shot by Jonathan Ericsson.
0:53 of 3rd period - Stopped by Ben Bishop with a rebound.
0:55 of 3rd period - Shot by Steve Sullivan.
0:55 of 3rd period - Stopped by Ben Bishop without a rebound.
0:56 of 3rd period - Vincent Lecavalier wins face-off versus Jiri Hudler in Panthers zone.
1:01 of 3rd period - Shot by Drew Doughty.
1:01 of 3rd period - Shot Blocked by Niklas Kronwall.
1:14 of 3rd period - Icing by Victor Hedman.
1:15 of 3rd period - Vincent Lecavalier wins face-off versus Jiri Hudler in MapleLeafs zone.
1:28 of 3rd period - Shot by Vincent Lecavalier.
1:28 of 3rd period - Stopped by Ben Bishop with a rebound.
2:03 of 3rd period - Icing by Victor Hedman.
2:04 of 3rd period - Jiri Hudler wins face-off versus Patrick Marleau in MapleLeafs zone.
2:45 of 3rd period - Shot by Rich Peverley.
2:45 of 3rd period - Shot Misses the Net.
2:47 of 3rd period - Shot by Brooks Laich.
2:47 of 3rd period - Deflect By Rich Peverley.
2:47 of 3rd period - Stopped by Ryan Miller without a rebound.
2:48 of 3rd period - Scott Gomez wins face-off versus Adam Hall in MapleLeafs zone.
2:49 of 3rd period - Shot by Patrick Dwyer.
2:49 of 3rd period - Stopped by Ryan Miller without a rebound.
2:50 of 3rd period - Adam Hall wins face-off versus Scott Gomez in MapleLeafs zone.
3:17 of 3rd period - Shot by Patrick Dwyer.
3:17 of 3rd period - Stopped by Ryan Miller with a rebound.
3:52 of 3rd period - Minor Penalty to Brian Lashoff for Interference.
3:53 of 3rd period - Vernon Fiddler wins face-off versus Eric Fehr in MapleLeafs zone.
3:53 of 3rd period - Vernon Fiddler is hit by Eric Fehr.
4:16 of 3rd period - Off-side.
4:17 of 3rd period - Rich Peverley wins face-off versus Vernon Fiddler in neutral zone.
4:34 of 3rd period - Shot by Niklas Kronwall.
4:34 of 3rd period - Stopped by Ryan Miller without a rebound.
4:35 of 3rd period - Eric Fehr wins face-off versus Adam Henrique in MapleLeafs zone.
4:56 of 3rd period - Shot by Luca Sbisa.
4:56 of 3rd period - Shot Misses the Net.
4:58 of 3rd period - Shot by Eric Fehr.
4:58 of 3rd period - Stopped by Ryan Miller without a rebound.
4:59 of 3rd period - Vernon Fiddler wins face-off versus Rich Peverley in MapleLeafs zone.
4:59 of 3rd period - Vernon Fiddler is hit by Bryan Bickell.
5:29 of 3rd period - Shot by Niklas Kronwall.
5:29 of 3rd period - Shot Misses the Net.
5:39 of 3rd period - Shot by Niklas Kronwall.
5:39 of 3rd period - Stopped by Ryan Miller with a rebound.
5:49 of 3rd period - Greg Zanon is hit by Jiri Hudler and loses puck.
6:53 of 3rd period - Icing by Adam Henrique.
6:54 of 3rd period - Brooks Laich wins face-off versus Adam Henrique in MapleLeafs zone.
6:54 of 3rd period - Matt Irwin is hit by Jonathan Ericsson and loses puck.
7:39 of 3rd period - Icing by Rostislav Klesla.
7:40 of 3rd period - Jordan Staal wins face-off versus Raffi Torres in MapleLeafs zone.
7:40 of 3rd period - Lubomir Visnovsky is hit by Jonathan Ericsson and loses puck.
7:47 of 3rd period - Shot by Damien Brunner.
7:47 of 3rd period - Deflect By Jiri Hudler.
7:47 of 3rd period - Stopped by Ryan Miller without a rebound.
7:48 of 3rd period - Vincent Lecavalier wins face-off versus Jiri Hudler in MapleLeafs zone.
7:48 of 3rd period - Vincent Lecavalier is hit by Jordan Staal.
7:59 of 3rd period - Victor Hedman is hit by Niklas Kronwall and loses puck.
8:10 of 3rd period - Minor Penalty to Jordan Staal for High sticking.
8:11 of 3rd period - Jiri Hudler wins face-off versus Vincent Lecavalier in Panthers zone.
8:11 of 3rd period - Jiri Hudler is hit by Derek Dorsett.
9:43 of 3rd period - Shot by Patrick Marleau.
9:43 of 3rd period - Shot Misses the Net.
9:45 of 3rd period - Shot by Patrick Marleau.
9:45 of 3rd period - Shot Misses the Net.
9:47 of 3rd period - Shot by Victor Hedman.
9:47 of 3rd period - Stopped by Ben Bishop with a rebound.
9:49 of 3rd period - Shot by Drew Doughty.
9:49 of 3rd period - Goal by Drew Doughty - MapleLeafs : 2 - Panthers : 1.
9:50 of 3rd period - Matthew Lombardi wins face-off versus Adam Hall in neutral zone.
9:53 of 3rd period - Greg Zanon is hit by Bryan Bickell.
9:54 of 3rd period - Icing by Greg Zanon.
9:55 of 3rd period - Jordan Staal wins face-off versus Adam Hall in MapleLeafs zone.
11:11 of 3rd period - Brooks Laich is hit by Raffi Torres and loses puck.
11:22 of 3rd period - Double Minor Penalty to Raffi Torres for Roughing.
11:23 of 3rd period - Patrick Marleau wins face-off versus Eric Fehr in MapleLeafs zone.
11:23 of 3rd period - Patrick Marleau is hit by Viktor Stalberg.
11:35 of 3rd period - Vernon Fiddler is hit by Eric Fehr and loses puck.
11:40 of 3rd period - Shot by Viktor Stalberg.
11:40 of 3rd period - Shot Misses the Net.
11:56 of 3rd period - Ryan Carter is hit by Viktor Stalberg and loses puck.
12:29 of 3rd period - Shot by Jiri Hudler.
12:29 of 3rd period - Stopped by Ryan Miller without a rebound.
12:30 of 3rd period - Rich Peverley wins face-off versus Adam Henrique in MapleLeafs zone.
12:56 of 3rd period - Shot by Lubomir Visnovsky.
12:56 of 3rd period - Shot Misses the Net.
12:58 of 3rd period - Shot by Rich Peverley.
12:58 of 3rd period - Shot Misses the Net.
13:22 of 3rd period - Luca Sbisa is hit by Ryan Carter and loses puck.
13:47 of 3rd period - Vernon Fiddler is hit by Bryan Bickell and loses puck.
14:43 of 3rd period - Shot by Luca Sbisa.
14:43 of 3rd period - Stopped by Ryan Miller with a rebound.
14:45 of 3rd period - Shot by David Booth.
14:45 of 3rd period - Stopped by Ryan Miller without a rebound.
14:46 of 3rd period - Adam Henrique wins face-off versus Eric Fehr in MapleLeafs zone.
14:55 of 3rd period - Shot by Matt Irwin.
14:55 of 3rd period - Stopped by Ryan Miller without a rebound.
14:56 of 3rd period - Adam Henrique wins face-off versus Eric Fehr in MapleLeafs zone.
14:56 of 3rd period - Adam Henrique is hit by Viktor Stalberg.
15:12 of 3rd period - Shot by Adam Henrique.
15:12 of 3rd period - Stopped by Ben Bishop without a rebound.
15:13 of 3rd period - Rich Peverley wins face-off versus Vernon Fiddler in Panthers zone.
16:20 of 3rd period - Patrick Marleau is hit by Jordan Staal and loses puck.
16:35 of 3rd period - Shot by Vincent Lecavalier.
16:35 of 3rd period - Deflect By Patrick Marleau.
16:35 of 3rd period - Shot Blocked by Niklas Kronwall.
16:42 of 3rd period - Derek Dorsett is hit by Lubomir Visnovsky and loses puck.
17:16 of 3rd period - Shot by Adam Henrique.
17:16 of 3rd period - Shot Misses the Net.
17:18 of 3rd period - Shot by Adam Henrique.
17:18 of 3rd period - Shot Misses the Net.
17:20 of 3rd period - Shot by Adam Henrique.
17:20 of 3rd period - Stopped by Ben Bishop with a rebound.
17:41 of 3rd period - Icing by Tyson Strachan.
17:42 of 3rd period - Adam Hall wins face-off versus Brooks Laich in Panthers zone.
17:55 of 3rd period - Shot by Chuck Kobasew.
17:55 of 3rd period - Stopped by Ben Bishop without a rebound.
17:56 of 3rd period - Matthew Lombardi wins face-off versus Derek Dorsett in Panthers zone.
18:21 of 3rd period - Off-side.
18:22 of 3rd period - Brooks Laich wins face-off versus Steve Sullivan in neutral zone.
18:28 of 3rd period - Icing by Rostislav Klesla.
18:29 of 3rd period - Steve Sullivan wins face-off versus Brooks Laich in MapleLeafs zone.
18:52 of 3rd period - Shot by Adam Henrique.
18:52 of 3rd period - Stopped by Ben Bishop without a rebound.
18:53 of 3rd period - Vernon Fiddler wins face-off versus Matthew Lombardi in Panthers zone.


Output by the SimonT Hockey Simulator (STHS) for Stephane Roy -- Original Page W3C XHTML 1.0 Valid
Hockey Simulator - Hockey Simulation - Hockey Manager